 Dungeon Crawl Stone Soup version 0.31-a0-89-g637a80eef8 (webtiles) character file.

Game seed: 1232926628872019452

114 GordonOverkill the Ruffian (level 4, 0/27 HPs)
             Began as a Gargoyle Transmuter on May 25, 2023.
             Slain by an iguana (5 damage)
             ... on level 4 of the Dungeon.
             The game lasted 00:06:46 (2298 turns).

GordonOverkill the Ruffian (Gargoyle Transmuter)    Turns: 2298, Time: 00:06:46

Health: 0/27       AC: 11    Str: 13    XL:     4   Next: 98%
Magic:  7/8        EV: 12    Int: 16    God:
Gold:   66         SH:  0    Dex: 10    Spells: 5/8 levels left

rFire   + .          .
                       - Unarmed
rCold   . . .        (no shield)
rNeg    + . .        a - +0 robe
rPois   ∞            (helmet currently unavailable)
rElec   +            u - +1 cloak
rCorr   .            (no gloves)
SInv    .            (boots currently unavailable)
Will    .....        (no amulet)
Stlth   +            c - ring of protection from fire
HPRegen 0.24/turn    k - +4 ring of protection
MPRegen 0.11/turn

%: no passive effects
@: appendages (expiring)
A: horns 2, talons 2, sickness immunity, AC +3, negative energy resistance 1,
electricity resistance, torment resistance 1, petrification resistance
a: End Transformation


You were on level 4 of the Dungeon.
You had temporarily grown beastly horns and talons.
You visited 1 branch of the dungeon, and saw 4 of its levels.

You collected 186 gold pieces.
You spent 120 gold pieces at shops.

Inventory:

Hand Weapons
 n - a +1 dagger of electrocution
Armour
 a - a +0 robe (worn)
 f - a +0 ring mail
 u - a +1 cloak (worn)
Jewellery
 c - a ring of protection from fire (left hand)
 k - a +4 ring of protection (right hand)
 p - a ring of resist corrosion
Scrolls
 d - a scroll of fear {unknown}
 g - a scroll of immolation {unknown}
 h - a scroll of summoning
 j - a scroll of teleportation {unknown}
 o - a scroll of blinking {unknown}
 q - a scroll of enchant weapon {unknown}
 r - a scroll of enchant armour {unknown}
 t - a scroll of vulnerability
 v - a scroll of silence {unknown}
Potions
 b - 3 potions of lignification
 i - a potion of heal wounds {unknown}
 m - a potion of curing


   Skills:
 + Level 2.4 Fighting
 - Level 2.0 Dodging
 + Level 3.6 Unarmed Combat
 + Level 2.7 Spellcasting
 + Level 2.3 Transmutations


You had 5 spell levels left.
You knew the following spells:

 Your Spells              Type           Power      Damage    Failure   Level
a - Beastly Appendage     Tmut           18%        N/A       8%          1
b - Wereblood             Tmut           9%         N/A       11%         2

Your spell library contained the following spells:

 Spells                   Type           Power      Damage    Failure   Level
 Spider Form              Tmut/Pois      4%         N/A       38%         3
 Ice Form                 Ice/Tmut       4%         N/A       80%         4


Dungeon Overview and Level Annotations

Branches:
Dungeon (4/15)
 Temple: D:4-7

Altars:

Shops:
D:3 [

Annotations:
D:3 2 runed translucent doors, Voker57's ghost, amateur DsGl


Innate Abilities, Weirdness & Mutations

You have temporarily grown beastly horns and talons.
You are immune to sickness and miasma.
Your stone body is resilient. (AC +3)
You are immune to poison.
You resist negative energy. (rN+)
You are resistant to electric shocks. (rElec)
You are resistant to unholy torment.
You are immune to petrification.


Message History

Your transformation is almost over.
The iguana bites you! The ufetubus barely misses you.
The ufetubus hits you but does no damage.
You are too injured to fight recklessly!
You are too injured to fight recklessly!
You are too injured to fight recklessly!
You closely miss the iguana.
You headbutt the iguana, but do no damage.
The iguana is heavily wounded.
The ufetubus hits you but does no damage.
The ufetubus misses you. The iguana misses you.
You hit the iguana.
The iguana is severely wounded.
The ufetubus closely misses you. The ufetubus misses you.
The iguana bites you but does no damage.
The ufetubus misses you. x2
You hit the iguana but do no damage.
The iguana is severely wounded.
The ufetubus barely misses you. x2; The iguana bites you.
You hit the iguana but do no damage. You claw the iguana, but do no damage.
The iguana is severely wounded.
The ufetubus hits you but does no damage.
The ufetubus hits you.
* * * LOW HITPOINT WARNING * * *
The iguana bites you but does no damage.
The ufetubus misses you. The ufetubus closely misses you.
You hit the iguana.
You headbutt the iguana, but do no damage.
The iguana is almost dead.
The ufetubus hits you but does no damage.
The ufetubus completely misses you. The iguana bites you!
* * * LOW HITPOINT WARNING * * *
You hit the iguana but do no damage.
The iguana is almost dead.
The ufetubus misses you. The ufetubus closely misses you.
The iguana closely misses you.
You closely miss the iguana.
The iguana is almost dead.
The ufetubus closely misses you. x2; The iguana bites you.
You die...

### .# ..####.##
####.......#
...........## #.####
............###.....
..........< ...##.#
.......5l# #..##.#
.......@.### #..##.###
...........# #..##...#
..........####..##...#
..........###........#.#
......†..#......##.†...#
###..##................#
#..................#.#
#.....###......##...# #
.....................#


You could see an iguana and an ufetubus.

Vanquished Creatures
  An adder (D:3)
  3 worms
  4 dart slugs
  An orc (D:2)
  5 ball pythons
  8 endoplasms
  3 giant cockroaches (D:1)
  8 hobgoblins
  2 jackals (D:4)
  7 kobolds
  2 quokkas
  2 bats
  3 frilled lizards
  4 goblins
  3 rats
56 creatures vanquished.

Vanquished Creatures (collateral kills)
  An iguana (D:3)
1 creature vanquished.

Grand Total: 57 creatures vanquished

Notes
Turn   | Place    | Note
-------+----------+-------------------------------------------
     0 | D:1      | GordonOverkill the Gargoyle Transmuter began the quest for
                  | the Orb.
     0 | D:1      | Reached XP level 1. HP: 12/12 MP: 3/3
   141 | D:1      | You fall into a shaft and drop 1 floor!
   164 | D:2      | Reached XP level 2. HP: 7/16 MP: 3/5
   491 | D:1      | Reached XP level 3. HP: 13/20 MP: 4/6
  1258 | D:3      | Reached XP level 4. HP: 12/26 MP: 5/7
  1579 | D:3      | Found Naufuowi's Antique Armour Shoppe.
  1586 | D:3      | Bought a runed cloak for 120 gold pieces
  1633 | D:3      | Found a runed translucent door.
  1716 | D:3      | Found a runed translucent door.
  1716 | D:3      | Noticed Voker57's ghost (amateur DsGl)
  2230 | D:4      | Learned a level 2 spell: Wereblood
  2298 | D:4      | Slain by an iguana

Illustrated notes

Levels and vault maps discovered:
D:1:      reono_arrival_forest_river, layout_loops_ring
D:2:      layout_rooms
D:3:      layout_basic, serial_shops, shop, ebering_ghost_sewer_f,
          minmay_distorted
D:4:      layout_rooms, uniq_robin

Skill      XL: |  1  2  3 |
---------------+----------+-----
Dodging        | 2 |  2.0
Transmutations | 2 |  2.3
Fighting       | 2 |  2.4
Unarmed Combat | |  3.6
Spellcasting   | |  2.7

Action                     |  1- 3 |  4- 6 || total
---------------------------+-------+-------++-------
  Melee: Unarmed           |    98 |    52 ||   150
         Kick              |    23 |    11 ||    34
         Headbutt          |    12 |    10 ||    22
         Punch             |     4 |     2 ||     6
   Cast: Beastly Appendage |    29 |    17 ||    46
         Wereblood         |       |     1 ||     1
    Use: Scroll            |     1 |     4 ||     5
 Armour: Robe              |    33 |    25 ||    58
  Dodge: Dodged            |    55 |    51 ||   106

Table legend: (Time is in decaauts)
 A = Elapsed time spent in this place.
 B = Non-inter-level travel time spent in this place.
 C = Inter-level travel time spent in this place.
 D = Time resting spent in this place.
 E = Time spent auto-exploring this place.
 F = Levels seen in this place.
 G = Mean time per level.
                   A        B        C        D        E       F      G
               +--------+--------+--------+--------+--------+-----+--------+
         Total |   2290 |   2229 |     61 |     69 |   1504 |   4 |  572.5 |
       Dungeon |   2290 |   2229 |     61 |     69 |   1504 |   4 |  572.5 |
               +--------+--------+--------+--------+--------+-----+--------+

Top non-repeatable levels by time:
     D:3: 966 daAuts
     D:1: 724 daAuts
     D:2: 523 daAuts
     D:4: 76 daAuts
